 Dungeon Crawl Stone Soup version 0.30.0-29-ga12c61a403 (webtiles) character file.

Game seed: 5699750682845013167

415 qw the Chopper (level 6, -2/38 HPs)
             Began as a Gargoyle Fighter on June 4, 2023.
             Slain by an orc priest
             ... wielding a +0 flail
              (8 damage)
             ... on level 4 of the Dungeon.
             The game lasted 00:01:38 (3039 turns).

qw the Chopper (Gargoyle Fighter)                   Turns: 3039, Time: 00:01:39

Health: -2/38      AC: 19    Str: 21    XL:     6   Next: 92%
Magic:  6/6        EV:  5    Int:  9    God:
Gold:   204        SH:  0    Dex:  9    Spells: 5/5 levels left

rFire   . . .        Y - +1 war axe
rCold   . . .        c - +0 buckler
rNeg    + . .        b - +0 plate armour
rPois   inf          (no helmet)
rElec   +            f - +2 cloak
rCorr   .            (no gloves)
SInv    .            (no boots)
Will    .....        (no amulet) Stlth
                     (no ring)
HPRegen 0.26/turn    (no ring)
MPRegen 0.10/turn

%: no passive effects
@: confused, about to teleport
A: sickness immunity, AC +4, negative energy resistance 1, electricity
resistance, torment resistance 1, petrification resistance
a: no special abilities


You were on level 4 of the Dungeon.
You visited 1 branch of the dungeon, and saw 4 of its levels.

You collected 204 gold pieces.


Innate Abilities, Weirdness & Mutations

You are immune to sickness and miasma.
Your stone body is resilient. (AC +4)
You are immune to poison.
You resist negative energy. (rN+)
You are resistant to electric shocks. (rElec)
You are resistant to unholy torment.
You are immune to petrification.


   Skills:
 - Level 4.0 Fighting
 - Level 6.0 Axes
 + Level 3.8 Armour
 - Level 3.2 Shields


You had 5 spell levels left.
You didn't know any spells.
Your spell library was empty.

Inventory:

Hand Weapons
 a - a +0 morningstar
 Y - a +1 war axe (weapon)
Armour
 b - a +0 plate armour (worn)
 c - a +0 buckler (worn)
 f - a +2 cloak (worn)
Scrolls
 n - a scroll of identify
Potions
 d - a potion of might
 e - a potion of berserk rage {unknown}
 g - a potion of cancellation
 p - a potion of heal wounds {unknown}

Dungeon Overview and Level Annotations

Branches:
Dungeon (4/15)
 Temple: D:4-7

Altars:
Sif Muna

Portals:
Abyss: D:4

Annotations:
D:4 2 transporters, Grinder; qw's ghost, amateur GrFi


Message History

The hobgoblin hits you but does no damage.
The orc priest looks satisfied for a moment.
The orc hits you but does no damage. The adder bites you but does no damage.
The orc wizard hits you with a +0 dagger.
The hobgoblin hits you but does no damage.
The orc hits you with a +2 short sword of electrocution.
The orc priest hits you with a +0 flail.
The adder bites you but does no damage.
You feel less confused.
The orc wizard hits you but does no damage.
The hobgoblin hits you but does no damage.
The orc priest hits you but does no damage.
The orc hits you but does no damage. The adder bites you but does no damage.
3037 ||| READING scroll of teleportation.
As you read the scroll of teleportation, it crumbles to dust.
You feel strangely unstable. You block the adder's attack.
The orc wizard gestures at you while chanting.
The magic dart hits you but does no damage.
The hobgoblin barely misses you. You block the orc's attack.
The orc priest calls down the wrath of Beogh upon you.
Pain shoots through your body! The adder bites you but does no damage.
You hit the orc wizard.
The orc wizard is almost dead.
You hit the orc. You slash the orc priest! You slash the adder!
You kill the adder!
You hit the hobgoblin.
The orc wizard points at you and mumbles some strange words.
You are confused.
The hobgoblin hits you but does no damage.
The orc priest calls upon Beogh to heal the orc wizard.
The orc wizard is healed somewhat.
The orc barely misses you. The orc priest barely misses you.
The orc hits you but does no damage.
The orc wizard hits you but does no damage.
The hobgoblin hits you but does no damage.
The orc wizard points at you and mumbles some strange words.
You resist with some effort.
Grinder comes into view.
The orc priest hits you with a +0 flail!
You die...

#..#..##.. .#..
#......#.. 5...
#......+.. .....
#+#######....##.. ....
#..##..##....##.. #...
#................
##...##................
#....o.................
#....o@................
#....%og...............
####...................
......^..............
......###.......####..
.......##x###...###gW#).
.###'.. #. ..##...##..
.... ######.## #... ...#
..< ....##.##..


You could see Grinder, a small abomination, an orc priest, an orc wizard, an orc
and a hobgoblin.

Vanquished Creatures
  2 scorpions (D:4)
  2 orc priests (D:3)
  A hound (D:4)
  2 orc wizards (D:3)
  7 adders
  6 dart slugs
  9 orcs
  7 ball pythons
  4 bats
  3 endoplasms
  A giant cockroach (D:1)
  5 goblins
  4 hobgoblins
  10 jackals
  5 quokkas
  5 frilled lizards
  6 kobolds
  2 rats (D:3)
81 creatures vanquished.

Notes
Turn   | Place    | Note
-------+----------+-------------------------------------------
     0 | D:1      | qw the Gargoyle Fighter began the quest for the Orb.
     0 | D:1      | Reached XP level 1. HP: 14/14 MP: 1/1
     0 | D:1      | 0 ||| qw: Version: 0.2-a-107-g4668610
     0 | D:1      | 0 ||| qw: Game counter: 1273
     0 | D:1      | 0 ||| qw: Always use a shield: true
     0 | D:1      | 0 ||| qw: God list: Okawaru
     0 | D:1      | 0 ||| qw: Allow faded altars: false
     0 | D:1      | 0 ||| qw: Do Orc after D:15 true
     0 | D:1      | 0 ||| qw: Do second Lair branch before Depths: true
     0 | D:1      | 0 ||| qw: Lair rune preference: random
     0 | D:1      | 0 ||| qw: Plans: Normal, Zot:1-4, Slime:5, God:TSO, Crypt,
                  | Tomb, Abyss, Pan, Hells, Win
     0 | D:1      | 0 ||| PLANNING D:1-11
    39 | D:1      | Reached skill level 2 in Axes
    56 | D:1      | 56 ||| Stepping ~*~*~tactically~*~*~ (stealth).
   154 | D:1      | Reached XP level 2. HP: 19/19 MP: 2/2
   204 | D:1      | 204 ||| Stepping ~*~*~tactically~*~*~ (hiding).
   245 | D:1      | 245 ||| DROPPING +0 club.
   463 | D:1      | Reached skill level 3 in Axes
   595 | D:1      | Reached XP level 3. HP: 22/23 MP: 3/3
   666 | D:1      | 666 ||| Stepping ~*~*~tactically~*~*~ (stealth).
   694 | D:1      | 694 ||| Stepping ~*~*~tactically~*~*~ (hiding).
   824 | D:1      | 824 ||| UPGRADING to +2 cloak.
   829 | D:1      | 829 ||| READING scroll labelled SEAHOSIVURA.
   830 | D:1      | 830 ||| READING scroll labelled QYRYULLAIPH.
   833 | D:1      | 833 ||| DRINKING 2 fuming purple potions.
   872 | D:2      | Found a shimmering blue altar of Sif Muna.
  1194 | D:2      | Reached XP level 4. HP: 28/28 MP: 4/4
  1379 | D:2      | 1379 ||| Stepping ~*~*~tactically~*~*~ (stealth).
  1591 | D:2      | Reached skill level 4 in Axes
  1621 | D:2      | Found a faded altar of an unknown god.
  1950 | D:2      | 1950 ||| UPGRADING to +0 chain mail.
  1960 | D:2      | 1960 ||| DROPPING +0 scale mail.
  1961 | D:2      | 1961 ||| DROPPING ring of flight.
  1962 | D:2      | 1962 ||| READING scroll labelled YWKOSU SOMATIP.
  1963 | D:2      | 1963 ||| READING scroll labelled BUMEGY KUGE.
  1964 | D:2      | 1964 ||| READING scroll labelled NEYRUY GE ZEADGH.
  1965 | D:2      | 1965 ||| READING 3 scrolls labelled WOFI QIORU.
  1966 | D:2      | 1966 ||| READING scroll labelled MEBITW RAIL.
  1967 | D:2      | 1967 ||| DRINKING 2 murky puce potions.
  1968 | D:2      | 1968 ||| READING 2 scrolls of identify.
  1968 | D:2      | 1968 ||| IDENTIFYING green potion
  1969 | D:2      | 1969 ||| DROPPING potion of ambrosia.
  1970 | D:2      | 1970 ||| DROPPING potion of brilliance.
  2152 | D:3      | Reached XP level 5. HP: 24/32 MP: 5/5
  2224 | D:3      | HP: 8/32 [something (2)]
  2225 | D:3      | Reached skill level 5 in Axes
  2241 | D:3      | 2241 ||| FLEEEEING.
  2242 | D:3      | 2242 ||| FLEEEEING.
  2243 | D:3      | 2243 ||| FLEEEEING.
  2244 | D:3      | 2244 ||| FLEEEEING.
  2245 | D:3      | 2245 ||| FLEEEEING.
  2246 | D:3      | 2246 ||| FLEEEEING.
  2247 | D:3      | 2247 ||| FLEEEEING.
  2248 | D:3      | 2248 ||| FLEEEEING.
  2249 | D:3      | 2249 ||| FLEEEEING.
  2250 | D:3      | 2250 ||| FLEEEEING.
  2259 | D:3      | 2259 ||| FLEEEEING.
  2263 | D:3      | 2263 ||| FLEEEEING.
  2264 | D:3      | 2264 ||| FLEEEEING.
  2265 | D:3      | 2265 ||| FLEEEEING.
  2266 | D:3      | 2266 ||| FLEEEEING.
  2267 | D:3      | 2267 ||| FLEEEEING.
  2268 | D:3      | 2268 ||| FLEEEEING.
  2269 | D:3      | 2269 ||| FLEEEEING.
  2270 | D:3      | 2270 ||| FLEEEEING.
  2275 | D:3      | 2275 ||| FLEEEEING.
  2276 | D:3      | 2276 ||| FLEEEEING.
  2277 | D:3      | 2277 ||| FLEEEEING.
  2278 | D:3      | 2278 ||| FLEEEEING.
  2279 | D:3      | 2279 ||| FLEEEEING.
  2280 | D:3      | 2280 ||| FLEEEEING.
  2281 | D:3      | 2281 ||| FLEEEEING.
  2282 | D:3      | 2282 ||| FLEEEEING.
  2283 | D:3      | 2283 ||| FLEEEEING.
  2287 | D:3      | 2287 ||| FLEEEEING.
  2289 | D:3      | 2289 ||| FLEEEEING.
  2290 | D:3      | 2290 ||| FLEEEEING.
  2291 | D:3      | 2291 ||| FLEEEEING.
  2292 | D:3      | 2292 ||| FLEEEEING.
  2293 | D:3      | 2293 ||| FLEEEEING.
  2294 | D:3      | 2294 ||| STAIRDANCE
  2338 | D:2      | 2338 ||| UPGRADING to +0 plate armour.
  2348 | D:2      | 2348 ||| DROPPING +0 chain mail.
  2349 | D:2      | 2349 ||| DRINKING 2 fizzy inky potions.
  2434 | D:3      | 2434 ||| DROPPING +0 mace.
  2463 | D:3      | 2463 ||| Stepping ~*~*~tactically~*~*~ (hiding).
  2764 | D:4      | Reached XP level 6. HP: 34/38 MP: 6/6
  2830 | D:4      | Found a transporter.
  2842 | D:4      | Found a one-way gate to the infinite horrors of the Abyss.
  2842 | D:4      | Noticed qw's ghost (amateur GrFi)
  2862 | D:4      | Found a transporter.
  2862 | D:4      | Noticed a small abomination
  2915 | D:4      | 2915 ||| Stepping ~*~*~tactically~*~*~ (stealth).
  2919 | D:4      | 2919 ||| Stepping ~*~*~tactically~*~*~ (stealth).
  2924 | D:4      | Reached skill level 6 in Axes
  2938 | D:4      | HP: 9/38 [something (2)]
  2939 | D:4      | 2939 ||| READING 2 scrolls of teleportation.
  2940 | D:4      | 2940 ||| DRINKING potion of curing.
  2940 | D:4      | 2940 ||| (to cure confusion)
  3027 | D:4      | Noticed a small abomination
  3035 | D:4      | HP: 8/38 [orc priest/+0 flail (2)]
  3037 | D:4      | 3037 ||| READING scroll of teleportation.
  3039 | D:4      | Noticed Grinder
  3039 | D:4      | Slain by an orc priest

Levels and vault maps discovered:
D:1:      mrwooster_arrival_statue, layout_loops_ring
D:2:      layout_basic, basic_altar, shapermc_ecumenical_altar_gd,
          amcnicky_mini_corridor_feature, kennysheep_generic_room_8
D:3:      layout_rooms
D:4:      layout_gridville, kennysheep_little_box,
          gammafunk_ghost_abyssal_escape, minmay_stone_trees_small, uniq_grinder

Skill      XL: |  1  2  3  4  5  6 |
---------------+-------------------+-----
Axes           | 2 3 4 5 6 |  6.0
Fighting       | 4 |  4.0
Armour         | |  3.8
Shields        | |  3.2

Action                     |  1- 3 |  4- 6 || total
---------------------------+-------+-------++-------
  Melee: War axe           |    96 |   130 ||   226
    Use: Scroll            |     2 |     8 ||    10
         Potion            |     1 |     3 ||     4
 Armour: Scale mail        |    58 |    15 ||    73
         Chain mail        |       |    36 ||    36
         Plate armour      |       |    95 ||    95
  Dodge: Dodged            |    47 |    56 ||   103
  Block: Buckler           |    20 |    33 ||    53

Table legend:
 A = Non-vault XP
 B = Vault XP
 C = Vault XP percentage of total XP
 D = Non-vault monster count
 E = Vault monster count
 F = Vault count percentage of total count
                 A         B        C        D         E       F
            +---------+---------+-------+---------+---------+-------
      Total |     593 |       1 |   0.2 |      80 |       1 |   1.2
            +---------+---------+-------+---------+---------+-------
        D:1 |      41 |       0 |   0.0 |      21 |       0 |   0.0
        D:2 |      63 |       1 |   1.6 |      19 |       1 |   5.0
        D:3 |     201 |       0 |   0.0 |      21 |       0 |   0.0
        D:4 |     288 |       0 |   0.0 |      19 |       0 |   0.0
            +---------+---------+-------+---------+---------+-------
